 Dungeon Crawl Stone Soup version 0.29.1-4-g47bece8355 (webtiles) character file.

Game seed: 13919449322438682331

2 gregunderscorem the Insei (level 1, 0/13 HPs)
             Began as an Octopode Transmuter on Dec 2, 2022.
             Slain by a kobold
             ... wielding a +0 club
              (4 damage)
             ... on level 1 of the Dungeon.
             The game lasted 00:00:11 (136 turns).

gregunderscorem the Insei (Octopode Transmuter)      Turns: 136, Time: 00:00:11

Health: 0/13       AC:  1    Str:  9    XL:     1   Next: 40%
Magic:  3/3        EV: 13    Int: 15    God:
Gold:   2          SH:  0    Dex: 12    Spells: 3/4 levels left

rFire   . . .      SeeInvis .     - Unarmed
rCold   . . .      Faith    .   (no shield)
rNeg    . . .      Spirit   .   (helmet restricted)
rPois   .          Reflect  .   (no amulet)
rElec   .          Harm     .   (no ring)
rCorr   .          Rampage  .   (no ring)
Will    .....                   (no ring)
Stlth   ++........              (no ring)
HPRegen 0.04/turn               (no ring)
MPRegen 0.08/turn               (no ring)
                                (no ring)
                                (no ring)

@: no status effects
A: almost no armour, amphibious, 8 rings, camouflage 1, gelatinous body 1,
(nimble swimmer 1), tentacles
a: no special abilities


You were on level 1 of the Dungeon.
You visited 1 branch of the dungeon, and saw 1 of its levels.

You collected 2 gold pieces.

Inventory:

Jewellery
 b - a +6 ring of dexterity
Potions
 a - a potion of lignification


   Skills:
 - Level 1.0 Fighting
 - Level 2.0 Dodging
 + Level 3.1 Unarmed Combat
 - Level 2.0 Spellcasting
 + Level 2.1 Transmutations


You had 3 spell levels left.
You knew the following spells:

 Your Spells              Type           Power      Damage    Failure   Level
a - Beastly Appendage     Tmut           14%        N/A       10%         1

Your spell library contained the following spells:

 Spells                   Type           Power      Damage    Failure   Level
 Wereblood                Tmut           7%         N/A       14%         2
 Spider Form              Tmut/Pois      4%         N/A       41%         3
 Ice Form                 Ice/Tmut       4%         N/A       82%         4


Dungeon Overview and Level Annotations

Branches:
Dungeon (1/15)

Altars:


Innate Abilities, Weirdness & Mutations

You cannot wear most types of armour.
You are amphibious.
You can wear up to eight rings at the same time.
Your skin changes colour to match your surroundings (Stealth+).
Your rubbery body absorbs attacks. (AC +1, EV +1)
((You are camouflaged when in or above water. (Stealth+)))
You have tentacles for arms and can constrict up to eight enemies at once.


Message History

Found a faded altar of an unknown god.
A frilled lizard is nearby!
A frilled lizard is nearby!
A frilled lizard is nearby!
A kobold comes into view. It is wielding a +0 whip.
The kobold shouts!
A kobold comes into view. It is wielding a +0 club.
There is a faded altar of an unknown god here.
The kobold shouts!
You tentacle-slap the frilled lizard.
You kill the frilled lizard!
A goblin and an endoplasm come into view.
Found a stone staircase leading down.
A bat comes into view.
A hobgoblin comes into view.
Found a scroll labelled FAMIOT SUNIRO.
The kobold closely misses you.
The endoplasm quivers.
The hobgoblin shouts!
You tentacle-slap the kobold. Your grab misses the kobold.
The kobold is heavily wounded.
The bat hits you but does no damage. The kobold hits you with a +0 whip.
You closely miss the kobold. Your grab misses the kobold.
The kobold is moderately wounded.
The bat barely misses you. The kobold hits you with a +0 club.
The kobold hits you with a +0 whip.
You are too injured to fight recklessly!
You are too injured to fight recklessly!
You tentacle-slap the kobold but do no damage.
Your grab misses the kobold.
The kobold is moderately wounded.
The bat barely misses you. The kobold misses you.
The kobold completely misses you.
You closely miss the kobold. Your grab misses the kobold.
The kobold is moderately wounded.
The bat closely misses you. The kobold hits you but does no damage.
The kobold closely misses you.
You tentacle-slap the kobold.
You kill the kobold!
The bat misses you. The kobold hits you with a +0 club.
You die...

###8........∩..
................
................
......∩..∩..8..♣#
?>..............#
................#
...8..g..∩..♣...#
+#...K@b.......#
#.....J.....!...#
#.....∩.._.....∩#
.......#####.####
#.##... #.# .
...#.#####.#######
.#..#.#...........#
g...#.#.#########.#
.. #.#


You could see an endoplasm, a hobgoblin, a bat and a kobold.

Vanquished Creatures
  2 kobolds (D:1)
  A frilled lizard (D:1)
  A rat (D:1)
4 creatures vanquished.

Notes
Turn   | Place    | Note
-------+----------+-------------------------------------------
     0 | D:1      | gregunderscorem the Octopode Transmuter began the quest for
                  | the Orb.
     0 | D:1      | Reached XP level 1. HP: 13/13 MP: 3/3
   125 | D:1      | Found a faded altar of an unknown god.
   136 | D:1      | Slain by a kobold

Illustrated notes

Levels and vault maps discovered:
D:1:      roderic_dead_forest, layout_basic,
          hellmonk_ecumenical_altar_arch_garden, dreamdust_wishing_well

Action                   || total
-------------------------++-------
Melee: Unarmed           ||    11
 Cast: Beastly Appendage ||     1
 Stab: Sleeping          ||     1
Armor: Skin              ||     2
Dodge: Dodged            ||     9
